 Dungeon Crawl Stone Soup version 0.27-a0-1334-g2746e35aca (webtiles) character file.

Game seed: 13226418218031383142

0 Gargoyl the Skirmisher (level 1, -8/23 HPs)
             Began as a Gnoll Abyssal Knight on June 26, 2021.
             Was a Follower of Lugonu.
             Mangled by a large abomination (16 damage)
             ... on level 3 of the Abyss.
             The game lasted 00:01:28 (134 turns).

Gargoyl the Skirmisher (Gnoll Abyssal Knight)        Turns: 134, Time: 00:01:28

Health: -8/23      AC:  3    Str: 11    XL:     1   Next: 0%
Magic:  3/3        EV: 11    Int: 11    God:    Lugonu [*.....]
Gold:   0          SH:  0    Dex: 11    Spells: 0/0 levels left

rFire    . . .     SeeInvis .   a - +1 hand axe
rCold    . . .     Faith    .   (no shield)
rNeg     . . .     Spirit   .   b - +0 leather armour
rPois    .         Reflect  .   (no helmet)
rElec    .         Harm     .   (no cloak)
rCorr    .         Rampage  .   (no gloves)
Will     .....                  (no boots)
Stlth    +.........             (no amulet)
HPRegen  0.07/turn              (no ring)
MPRegen  0.08/turn              (no ring)

@: no status effects
A: fangs 1, strong nose, distributed training
a: Renounce Religion, Depart the Abyss


You were on level 3 of the Abyss.
You worshipped Lugonu.
Lugonu was aware of your devotion.
You visited 0 branches of the dungeon, and saw 0 of its levels.
You visited the Abyss 1 time.

Inventory:

Hand Weapons
 a - a +1 hand axe (weapon)
Armour
 b - a +0 leather armour (worn)
Miscellaneous
 c - a piece from Xom's chessboard (10/15) (quivered)


   Skills:
 + Level 6.4 Fighting
 + Level 0.0 Short Blades
 + Level 0.0 Long Blades
 + Level 4.4 Axes
 + Level 0.0 Maces & Flails
 + Level 0.0 Polearms
 + Level 0.0 Staves
 + Level 0.0 Slings
 + Level 0.0 Bows
 + Level 0.0 Crossbows
 + Level 0.0 Throwing
 + Level 4.4 Armour
 + Level 2.3 Dodging
 + Level 0.0 Stealth
 + Level 0.0 Shields
 + Level 0.0 Unarmed Combat
 + Level 0.0 Spellcasting
 + Level 0.0 Conjurations
 + Level 0.0 Hexes
 + Level 0.0 Summonings
 + Level 0.0 Necromancy
 + Level 0.0 Translocations
 + Level 0.0 Transmutations
 + Level 0.0 Fire Magic
 + Level 0.0 Ice Magic
 + Level 0.0 Air Magic
 + Level 0.0 Earth Magic
 + Level 0.0 Poison Magic
 + Level 4.4 Invocations
 + Level 0.0 Evocations


You couldn't memorise any spells.
You didn't know any spells.
Your spell library was empty.

Dungeon Overview and Level Annotations

Branches:
Dungeon (0/15)

Altars:


Innate Abilities, Weirdness & Mutations

You have very sharp teeth.
Your uncanny sense of smell can sniff out nearby items.
Your experience applies equally to all skills.


Message History

Found three items.
Found a corrupted altar of Lugonu.
Found 18 bolts.
You see here a piece from Xom's chessboard (15/15).
c - a piece from Xom's chessboard (15/15)
You are suddenly pulled into a different region of the Abyss!
Found a corrupted altar of Lugonu.
Found a gateway leading deeper into the Abyss.
Found 12 gold pieces.
There is a gateway leading deeper into the Abyss here.
You plunge deeper into the Abyss.
The abyssal rune of Zot can be found at this depth.
Found a hand crossbow.
A large abomination comes into view.
Non-targeted evoke: piece from Xom's chessboard (15/15)
Press: ? - help, Q - select action, (/) - cycle Dir - look around, f - activate
Okay, then.
Non-targeted evoke: piece from Xom's chessboard (15/15)
Press: ? - help, Q - select action, (/) - cycle Dir - look around, f - activate
Okay, then.
Cleave: a) +1 hand axe
Press: ? - help, Dir - move target You swing at nothing.
A lurking horror comes into view.
You make a move on Xom's chessboard...
The large abomination resists with almost no effort.
The large abomination completely misses you.
You make a move on Xom's chessboard...
The large abomination resists with almost no effort.
The large abomination hits you.
You make a move on Xom's chessboard...
The large abomination flickers and vanishes!
Deactivating autopickup; reactivate with Ctrl-A.
Something hits you but does no damage.
Unknown command.
You make a move on Xom's chessboard...
Nothing appears to happen.
Something hits you!
You make a move on Xom's chessboard...
Nothing appears to happen.
Something hits you!
Ouch! That really hurt!
You die...

#.#.
###...)....## #.
.## .#.#. ....#
.......#.
#.#...# #..
#..#.###..#.##
#. #..##.....#.#
#.
#....#.#.....#
####.#......#.#
#.....#...#.
#.@.#.#.#...
#.{..........
.......##.#....
#...#.#.. ... ..
#...............
.≈.≈≈≈♣........
≈≈≈*≈. .....
≈≈#≈≈. ..##..


There were no monsters in sight!

Vanquished Creatures (others)
  A fungus (Abyss:2)
1 creature vanquished.

Notes
Turn   | Place    | Note
-------+----------+-------------------------------------------
     0 | Abyss:1  | Gargoyl the Gnoll Abyssal Knight began the quest for the
                  | Orb.
     0 | Abyss:1  | Reached XP level 1. HP: 23/23 MP: 3/3
    32 | Abyss:2  | Found a corrupted altar of Lugonu.
    50 | Abyss:2  | Found a corrupted altar of Lugonu.
   125 | Abyss:3  | Noticed a large abomination
   134 | Abyss:3  | Mangled by a large abomination

Illustrated notes

Levels and vault maps discovered:
Abyss:3:  base: Temple, gammafunk_abyss_rune_reverse_zot

Action                   || total
-------------------------++-------
Evoke: Piece from Xom's  ||     5
  Use: Scroll            ||     2
Armor: Leather armour    ||     1
Dodge: Dodged            ||     1

Table legend: (Time is in decaauts)
 A = Elapsed time spent in this place.
 B = Non-inter-level travel time spent in this place.
 C = Inter-level travel time spent in this place.
 D = Time resting spent in this place.
 E = Time spent auto-exploring this place.
 F = Levels seen in this place.
 G = Mean time per level.
                   A        B        C        D        E       F      G
               +--------+--------+--------+--------+--------+-----+--------+
         Total |    133 |    133 |      0 |      0 |     80 |   3 |   44.3 |
         Abyss |    133 |    133 |      0 |      0 |     80 |   3 |   44.3 |
               +--------+--------+--------+--------+--------+-----+--------+

Top non-repeatable levels by time:
 Abyss:2: 65 daAuts
 Abyss:3: 35 daAuts
 Abyss:1: 32 daAuts
